 Dungeon Crawl Stone Soup version 0.25.1-2-g60ff931df9 (webtiles) character file.

Game seed: 15393955849757291198

366 DearestLeader the Conjurer (level 6, 0/32 HPs)
             Began as a Deep Elf Conjurer on Sept 12, 2020.
             Slain by a sky beast (6 damage)
             ... on level 4 of the Dungeon.
             The game lasted 00:08:51 (3416 turns).

DearestLeader the Conjurer (Deep Elf Conjurer)      Turns: 3416, Time: 00:08:51

Health: 0/32       AC:  3    Str:  5    XL:     6   Next: 40%
Magic:  8/13       EV: 14    Int: 22    God:
Gold:   128        SH:  0    Dex: 15    Spells: 2/12 levels left

rFire    . . .     SeeInvis .   n - +0 dagger
rCold    . . .     Gourm    .   (no shield)
rNeg     . . .     Faith    .   a - +0 robe
rPois    .         Spirit   .   (no helmet)
rElec    .         Reflect  .   (no cloak)
rCorr    .         Harm     .   (no gloves)
MR       .....                  b - +0 pair of boots (curse)
Stlth    ++........             (no amulet)
HPRegen  0.10/turn              (no ring)
MPRegen  0.13/turn              (no ring)

@: no status effects
A: no striking features
a: no special abilities


You were on level 4 of the Dungeon.
You were hungry.

You visited 1 branch of the dungeon, and saw 4 of its levels.

You collected 128 gold pieces.

Inventory:

Hand Weapons
 n - a +0 dagger (weapon)
Missiles
 f - 6 boomerangs (quivered)
Armour
 a - a +0 robe (worn)
 b - a cursed +0 pair of boots (worn)
Wands
 r - a wand of clouds (3)
Scrolls
 d - a scroll of blinking {unknown}
 e - a scroll of teleportation {unknown}
 g - a scroll of identify
 j - 2 scrolls of enchant armour {unknown}
 p - a scroll of remove curse {unknown}
 q - 2 scrolls of fear {unknown}
Potions
 h - 2 potions of haste
 i - a potion of resistance
 k - a potion of curing {unknown}
 l - a potion of heal wounds {unknown}
 m - a potion of mutation {unknown}
 o - 4 potions of flight {unknown}
Comestibles
 c - 2 rations


   Skills:
 + Level 3.6 Dodging
 - Level 2.4 Stealth
 + Level 3.6 Spellcasting
 * Level 7.9 Conjurations


You had 2 spell levels left.
You knew the following spells:

 Your Spells              Type           Power        Failure   Level  Hunger
a - Magic Dart            Conj           ####         1%          1    None
b - Searing Ray           Conj           #####.       1%          2    ##.....
c - Dazzling Flash        Conj/Hex       ###...       7%          3    ###....
d - Iskenderun's Mystic   Conj/Tloc      ###.....     22%         4    ####...

Your spell library contained the following spells:

 Spells                   Type           Power        Failure   Level  Hunger
 Blink                    Tloc           N/A          19%         2    ##.....
 Call Imp                 Summ           #.......     19%         2    ##.....
 Slow                     Hex            #.......     19%         2    ##.....
 Conjure Flame            Conj/Fire      ###.....     7%          3    ###....
 Mephitic Cloud           Conj/Pois/Air  ###.....     12%         3    ###....
 Fulminant Prism          Conj/Hex       ###.......   22%         4    ####...


Dungeon Overview and Level Annotations

Branches:
Dungeon (4/15)
 Temple: D:4-7

Altars:

Shops:
D:4 =

Annotations:
D:4 Grinder


Message History

Aim: a sky beast The searing ray hits the sky beast.
The sky beast is lightly wounded. (Press . to maintain the ray.)
The searing ray hits the sky beast but does no damage.
The sky beast is lightly wounded.
The sky beast hits you. The sky beast shocks you.
The searing ray hits the sky beast.
The sky beast is heavily wounded.
The sky beast hits you. The sky beast shocks you.
The searing ray hits the sky beast!
The sky beast is almost dead.
You finish channeling your searing ray.
The sky beast hits you. The sky beast shocks you.
The sky beast flickers out of sight!
Deactivating autopickup; reactivate with Ctrl-A.
Something hits you.
* * * LOW HITPOINT WARNING * * *
Something shocks you.
You die...

#. #. #. # #.
#.##. ...
#.####{#######
.......@.....#
#.#.#.######.#
..
.....#'#######
##
####....∩....#
#........<...#
#.##.........#
#....#'#######
####.#.# ..#.#


There were no monsters in sight!

Vanquished Creatures
  An ice beast (D:3)
  Jessica (D:2)
  Natasha (twice) (D:2)
  An orc wizard (D:3)
  7 adders
  2 oozes
  2 worms
  4 dart slugs
  2 leopard geckos
  8 orcs (D:3)
  6 bats
  5 giant cockroaches
  10 goblins
  8 hobgoblins
  2 quokkas (D:2)
  A ball python (D:2)
  8 frilled lizards
  11 kobolds
  8 rats
89 creatures vanquished.

Notes
Turn   | Place    | Note
-------+----------+-------------------------------------------
     0 | D:1      | DearestLeader the Deep Elf Conjurer began the quest for the
                  | Orb.
     0 | D:1      | Reached XP level 1. HP: 10/10 MP: 6/6
   254 | D:1      | Reached XP level 2. HP: 15/15 MP: 4/8
   362 | D:1      | Reached skill level 5 in Conjurations
   389 | D:1      | Learned a level 2 spell: Searing Ray
   986 | D:2      | Reached XP level 3. HP: 15/19 MP: 3/9
  1015 | D:2      | Noticed Jessica
  1368 | D:3      | Noticed an ice beast
  1386 | D:3      | Killed an ice beast
  1386 | D:3      | Reached skill level 6 in Conjurations
  1386 | D:3      | Reached XP level 4. HP: 24/24 MP: 3/10
  1531 | D:3      | Reached skill level 7 in Conjurations
  1531 | D:3      | Reached XP level 5. HP: 28/28 MP: 7/11
  2138 | D:3      | Learned a level 3 spell: Dazzling Flash
  2143 | D:3      | Learned a level 4 spell: Iskenderun's Mystic Blast
  2288 | D:2      | Killed Jessica
  2288 | D:2      | Reached XP level 6. HP: 32/32 MP: 8/12
  2707 | D:2      | Noticed Natasha
  2710 | D:2      | Killed Natasha
  2856 | D:2      | Noticed Natasha
  2859 | D:2      | Killed Natasha
  3259 | D:4      | Noticed Grinder
  3398 | D:4      | Found Ycaxt's Jewellery Boutique.
  3411 | D:4      | Noticed a sky beast
  3416 | D:4      | Slain by a sky beast

Illustrated notes

Levels and vault maps discovered:
D:1:      dpeg_arrival_central, layout_basic, serial_forest,
          infiniplex_forest_straight_4, infiniplex_forest_corner_2,
          infiniplex_forest_lined_4_way, infiniplex_forest_clump_tiny,
          chequers_mini_garden, minmay_indecisive_spiral
D:2:      layout_rooms, uniq_jessica, uniq_natasha
D:3:      layout_basic
D:4:      layout_basic, serial_shops, shop, first_ration, due_unseen_surprise,
          uniq_grinder, uniq_duvessa, uniq_crazy_yiuf_cottage

Skill      XL: |  1  2  3  4  5 |
---------------+----------------+-----
Conjurations   | 5 6 7 |  7.9
Dodging        | 3 |  3.6
Stealth        | |  2.4
Spellcasting   | |  3.6

Action                   |  1- 3 |  4- 6 || total
-------------------------+-------+-------++-------
Melee: Short sword       |     2 |       ||     2
 Cast: Magic Dart        |    54 |    86 ||   140
       Searing Ray       |     1 |    10 ||    11
  Use: Scroll            |     3 |       ||     3
       Potion            |     1 |       ||     1
  Eat: Chunk             |     1 |     6 ||     7
Armor: Robe              |     3 |       ||     3
Dodge: Dodged            |     8 |     7 ||    15
